Map: Newkirk Precinct TE (Void)

Players

GoodLuck - Winner!

  • Race: Protoss Protoss
  • League: Diamond
  • Spawn Location: 7:00

Musumeci

  • Race: Zerg Zerg
  • League: Diamond
  • Spawn Location: 5:00

VOD

Have the link to the VOD?

Description

Time

  • Played on: Jan. 9, 2017, 1:04 p.m.
  • Length: 12:25
Show
View Real Time Build Order
Export as new Build Order

GoodLuck Protoss - Winner!

Build Orders: 1 Gate Expand, Zealot Archon, Dark Templar Rush 

Get SALT Encoding   

  12  0:01  Probe (Chrono Boost)  
  13  0:11  Probe (Chrono Boost)  
  14  0:20  Pylon  
  14  0:22  Probe (Chrono Boost)  
  15  0:38  Probe (Chrono Boost)  
  15  0:40  Gateway  
  16  0:48  Probe (Chrono Boost)  
  17  0:50  Assimilator  
  17  0:59  Probe (Chrono Boost)  
  18  1:09  Probe (Chrono Boost)  
  19  1:26  Nexus  
  19  1:36  Probe (Chrono Boost)  
  20  1:42  Cybernetics Core  
  20  1:46  Probe (Chrono Boost)  
  21  1:54  Pylon  
  21  2:00  Assimilator  
  21  2:01  Probe (Chrono Boost)  
  22  2:12  Probe (Chrono Boost)  
  22  2:13  Pylon  
  23  2:15  Stalker  
  26  2:24  Probe (Chrono Boost)  
  26  2:36  Probe (Chrono Boost)  
  27  2:37  Twilight Council  
  27  2:43  Mothership Core (Chrono Boost)  
  30  2:52  Probe (Chrono Boost)  
  30  3:04  Probe (Chrono Boost)  
  31  3:09  Probe (Chrono Boost)  
  31  3:10  Robotics Facility  
  32  3:15  Probe (Chrono Boost)  
  32  3:19  Probe (Chrono Boost)  
  34  3:25  Probe (Chrono Boost)  
  35  3:30  Dark Shrine, Probe (Chrono Boost)  
  36  3:36  Probe (Chrono Boost)  
  36  3:40  Gateway, Probe (Chrono Boost)  
  38  3:46  Probe (Chrono Boost)  
  39  3:51  Probe (Chrono Boost)  
  40  3:59  Gateway x2  
  40  4:02  Probe (Chrono Boost)  
  42  4:03  Warp Prism  
  44  4:10  Probe (Chrono Boost)  
  44  4:13  Warp Gate, Probe (Chrono Boost)  
  45  4:17  Pylon  
  45  4:23  Probe (Chrono Boost)  
  46  4:26  Assimilator  
  46  4:30  Assimilator  
  46  4:43  Dark Templar x2  
  50  4:47  Dark Templar  
  50  4:51  Nexus  
  52  4:55  Pylon  
  52  4:57  Probe (Chrono Boost)  
  54  5:00  Probe (Chrono Boost)  
  54  5:06  Resonating Glaives  
  54  5:08  Probe (Chrono Boost)  
  54  5:12  Probe (Chrono Boost)  
  56  5:20  Probe (Chrono Boost)  
  56  5:21  Forge  
  57  5:25  Probe (Chrono Boost)  
  58  5:28  Pylon  
  58  5:32  Probe (Chrono Boost)  
  59  5:37  Probe (Chrono Boost), Immortal  
  59  5:39  Protoss Ground Weapons Level 1  
  65  5:43  Pylon  
  65  5:44  Probe (Chrono Boost)  
  65  5:49  Probe (Chrono Boost)  
  66  5:56  Probe (Chrono Boost)  
  67  6:02  Gateway  
  67  6:03  Gateway  
  67  6:06  Pylon  
  67  6:10  Pylon  
  61  6:33  Dark Templar  
  61  6:34  Dark Templar x3  
  61  6:36  Probe (Chrono Boost)  
  61  6:37  Probe (Chrono Boost), Immortal  
  61  6:38  Probe (Chrono Boost)  
  77  6:47  Probe (Chrono Boost)  
  77  6:48  Assimilator  
  77  6:49  Probe (Chrono Boost)  
  77  6:50  Probe (Chrono Boost)  
  77  6:52  Assimilator  
  79  6:54  Photon Cannon  
  79  6:57  Probe (Chrono Boost)  
  79  7:01  Photon Cannon  
  81  7:02  Probe (Chrono Boost)  
  81  7:14  Archon x2, Immortal  
  81  7:19  Photon Cannon  
  81  7:20  Pylon  
  85  7:25  Blink  
  85  7:27  Sentry x3  
  85  7:28  Sentry  
  89  7:49  Protoss Ground Weapons Level 2  
  89  7:50  Probe x3 (Chrono Boost)  
  89  7:51  Adept x3  
  89  7:52  Adept x3  
  93  8:01  Immortal  
  93  8:02  Probe x2 (Chrono Boost)  
  93  8:06  Probe (Chrono Boost)  
  97  8:14  Probe x2 (Chrono Boost)  
  97  8:18  Probe (Chrono Boost)  
  99  8:21  Dark Templar  
  99  8:22  Dark Templar  
  99  8:26  Probe x2 (Chrono Boost), Archon  
  105  8:30  Probe (Chrono Boost)  
  106  8:38  Probe (Chrono Boost)  
  106  8:39  Probe (Chrono Boost)  
  109  8:42  Probe (Chrono Boost)  
  109  8:44  Dark Templar x2  
  109  8:45  Adept  
  109  8:46  Zealot  
  117  8:49  Archon  
  117  8:50  Probe (Chrono Boost)  
  117  8:51  Probe (Chrono Boost)  
  120  8:58  Pylon  
  120  9:03  Probe (Chrono Boost)  
  120  9:07  Adept x2  
  124  9:14  Pylon  
  124  9:15  Pylon  
  124  9:18  Pylon x2  
  124  9:27  Adept  
  124  9:28  Adept x3, Observer  
  133  9:47  Adept x2  
  133  9:51  Stalker x4  
  143  10:14  Pylon  
  143  10:16  Adept x4, Pylon  
  143  10:17  Adept  
  143  10:18  Pylon  
  143  10:20  Pylon  
  153  10:21  Pylon  
  153  10:24  Gateway  
  153  10:27  Gateway  
  153  10:28  Adept  
  152  10:46  Adept x4  
  152  10:47  Adept  
  159  10:58  Stalker  
  161  11:15  Stalker x5  
  171  11:23  Gateway  
  171  11:25  Gateway  
  171  11:27  Gateway  
  171  11:29  Gateway  
  171  11:37  Stalker  
  169  11:46  Stalker  
  169  11:47  Stalker x4  
  177  11:58  Stargate  
  177  12:00  Stargate  
Show
View Real Time Build Order
Export as new Build Order

Musumeci Zerg 

Build Orders: Hatch First 

Get SALT Encoding   

  12  0:01  Drone  
  13  0:08  Drone  
  14  0:18  Drone, Extractor  
  15  0:41  Hatchery  
  14  0:46  Drone, Extractor  
  15  1:03  Spawning Pool  
  14  1:34  Extractor  
  14  1:36  Drone x2, Extractor  
  14  1:38  Overlord  
  16  1:52  Queen  
  16  1:53  Queen  
  20  1:57  Drone  
  20  2:00  Drone  
  22  2:05  Drone  
  23  2:11  Drone  
  23  2:12  Drone  
  25  2:16  Extractor  
  25  2:17  Drone  
  25  2:23  Overlord  
  25  2:35  Drone  
  25  2:36  Drone  
  27  2:37  Drone  
  27  2:42  Zergling x2  
  29  2:47  Zergling x2  
  30  3:05  Overlord  
  30  3:07  Hatchery, Overlord  
  29  3:15  Metabolic Boost  
  29  3:24  Drone x4  
  29  3:25  Drone  
  34  3:28  Drone  
  34  3:30  Drone  
  36  3:35  Drone  
  36  3:36  Drone  
  36  3:40  Drone  
  36  3:41  Drone  
  40  3:44  Drone  
  40  3:47  Overlord  
  41  3:55  Pneumatized Carapace  
  41  4:01  Drone x3  
  44  4:06  Extractor  
  43  4:17  Drone  
  43  4:23  Extractor  
  43  4:25  Evolution Chamber  
  43  4:27  Zergling x4  
  43  4:28  Zergling x2  
  45  4:37  Lair  
  45  4:39  Drone x3  
  45  4:40  Drone  
  45  4:41  Drone  
  45  4:42  Drone x8  
  45  4:43  Overlord  
  58  4:58  Spore Crawler x2  
  56  5:02  Zergling x8  
  56  5:06  Baneling Nest  
  59  5:07  Zerg Melee Weapons Level 1, Spore Crawler  
  59  5:08  Zergling x2  
  59  5:26  Queen  
  59  5:28  Drone x5  
  66  5:38  Overseer  
  66  5:49  Overlord  
  66  5:50  Overlord x4  
  66  5:59  Infestation Pit  
  66  6:00  Hatchery  
  66  6:03  Extractor  
  63  6:04  Evolution Chamber  
  63  6:06  Drone x4  
  66  6:16  Queen  
  59  6:43  Zergling x30  
  70  6:57  Zerg Ground Armor Level 1  
  70  7:01  Drone x4  
  70  7:02  Drone x3  
  70  7:03  Zerg Melee Weapons Level 2  
  77  7:13  Hive  
  77  7:17  Drone x3  
  77  7:18  Overlord x3  
  77  7:21  Queen  
  82  7:30  Centrifical Hooks  
  82  7:47  Zergling x2  
  82  7:48  Zergling x26  
  81  8:24  Drone x2  
  81  8:25  Drone, Extractor  
  81  8:26  Drone x4, Extractor  
  86  8:28  Drone x2  
  86  8:29  Drone  
  86  8:33  Zergling x16, Spire  
  96  8:36  Baneling x2  
  96  8:37  Baneling x4  
  96  8:39  Drone x2  
  96  8:40  Drone  
  99  8:47  Drone x3  
  102  8:48  Zergling x6  
  102  8:55  Baneling x3  
  104  9:18  Drone x3, Extractor  
  104  9:22  Zergling x12  
  104  9:23  Zergling x8  
  115  9:26  Baneling  
  115  9:27  Baneling  
  115  9:29  Extractor  
  114  9:34  Zergling x10  
  114  9:35  Zergling x14  
  100  9:47  Corruptor x4  
  100  9:50  Greater Spire  
  92  10:08  Corruptor  
  44  10:58  Hatchery  
  44  11:02  Brood Lord x5  
  51  11:05  Corruptor  
  51  11:06  Corruptor x4  
  58  11:20  Hatchery  
Tags
 
Add a new tag
Caveats
  • Supply blocks, unpowered buildings, or Contaminate may cause inaccurate times.
  • Supply counts are checked every 10 seconds.